[Event "ICC tourney 2066 (45 10)"]
[Site "Internet Chess Club"]
[Date "2020.10.17"]
[Round "1"]
[White "GGuseinov"]
[Black "AJM04"]
[Result "1-0"]
[ICCResult "Black resigns"]
[WhiteElo "2715"]
[BlackElo "2077"]
[Opening "Sicilian: closed, 2...Nc6"]
[ECO "B23"]
[NIC "SI.44"]
[Time "11:07:17"]
[TimeControl "2700+10"]

1. e4 c5 2. Nc3 Nc6 3. Nf3 e5 4. Bc4 Be7 5. O-O d6 6. d3 Nf6 7. Ng5 O-O 8.
f4 h6 9. Nf3 Bg4 10. h3 Bh5 11. g4 Nxg4 12. hxg4 Bxg4 13. Qe1 Kh8 14. Qg3 f5
15. exf5 Bxf5 16. fxe5 dxe5 17. Be3 a6 18. a4 g5 19. Nd5 Bd6 20. Nxg5 hxg5
21. Rxf5 {Black resigns} 1-0

[Event "ICC tourney 2066 (45 10)"]
[Site "Internet Chess Club"]
[Date "2020.10.17"]
[Round "1"]
[White "funplaychess"]
[Black "annameiyappan"]
[Result "1-0"]
[ICCResult "Black resigns"]
[WhiteElo "2339"]
[BlackElo "2009"]
[Opening "QGD semi-Slav: Stoltz variation"]
[ECO "D45"]
[NIC "SL.08"]
[Time "11:06:26"]
[TimeControl "2700+10"]

1. d4 d5 2. c4 c6 3. Nf3 Nf6 4. Nc3 e6 5. e3 Nbd7 6. Qc2 Bd6 7. Bd3 O-O 8.
O-O dxc4 9. Bxc4 e5 10. h3 exd4 11. Nxd4 Nb6 12. Bb3 Qc7 13. a3 Bd7 14. Rd1
Be5 15. Nf3 Bxc3 16. Qxc3 Rad8 17. Qe1 Bf5 18. Bd2 Ne4 19. Bb4 Rfe8 20. Rac1
Rxd1 21. Rxd1 Rd8 22. Nh4 Bg6 23. f3 Nf6 24. e4 Rxd1 25. Qxd1 Qd7 26. Qxd7
Nfxd7 27. Kf2 c5 28. Bc3 c4 29. Ba2 f6 30. Ke3 Bf7 31. Nf5 Nc5 32. Nd6 Be6
33. Bd4 Nbd7 34. Bxc4 Bxc4 35. Nxc4 a6 36. Bxc5 Nxc5 37. Kd4 Ne6+ 38. Kd5
Nf4+ 39. Kc5 Nxg2 40. Kb6 Ne1 41. Kxb7 Nxf3 42. Kxa6 Ng5 43. b4 Nxe4 44. b5
f5 45. b6 f4 46. b7 Nc5+ 47. Ka7 Nxb7 48. Kxb7 f3 49. Nd2 f2 50. a4 g5 51.
a5 h5 52. a6 g4 53. hxg4 hxg4 54. a7 g3 55. a8=Q+ Kh7 56. Kb6 {Black
resigns} 1-0

[Event "ICC tourney 2066 (45 10)"]
[Site "Internet Chess Club"]
[Date "2020.10.17"]
[Round "1"]
[White "TjkTiger"]
[Black "kaiclc"]
[Result "1-0"]
[ICCResult "Black checkmated"]
[WhiteElo "2601"]
[BlackElo "2022"]
[Opening "English: symmetrical variation"]
[ECO "A37"]
[NIC "EO.28"]
[Time "11:07:17"]
[TimeControl "2700+10"]

1. c4 c5 2. g3 g6 3. Bg2 Bg7 4. Nc3 Nc6 5. Nf3 e6 6. d4 cxd4 7. Nb5 d5 8.
cxd5 Qa5+ 9. Nd2 Qxb5 10. a4 Qb6 11. dxc6 bxc6 12. Nc4 Qb4+ 13. Bd2 Qxc4 14.
Rc1 Qa6 15. Bxc6+ Qxc6 16. Rxc6 Bb7 17. Rc7 Bxh1 18. Qb3 Nf6 19. Qb5+ Kf8
20. Qc5+ Kg8 21. Rc8+ Rxc8 22. Qxc8+ Bf8 23. Bh6 Nd7 24. f3 d3 25. g4 Bg2
26. g5 dxe2 27. Qxd7 Bxh6 28. gxh6 Bxf3 29. Qd8# {Black checkmated} 1-0

[Event "ICC tourney 2066 (45 10)"]
[Site "Internet Chess Club"]
[Date "2020.10.17"]
[Round "1"]
[White "guineapig25"]
[Black "marble"]
[Result "0-1"]
[ICCResult "White resigns"]
[WhiteElo "2020"]
[BlackElo "2513"]
[Opening "Robatsch defense"]
[ECO "B06"]
[NIC "KF.05"]
[Time "11:06:27"]
[TimeControl "2700+10"]

1. e4 g6 2. d4 Bg7 3. Nc3 c6 4. Be3 d5 5. e5 f6 6. f4 Nh6 7. Nf3 Bg4 8. h3
Bxf3 9. Qxf3 O-O 10. Qe2 Nf5 11. Bf2 fxe5 12. dxe5 e6 13. O-O-O Nd7 14. h4
b5 15. Qd3 Bh6 16. Ne2 Nxe5 17. Qc3 Nc4 18. g4 Bg7 19. Nd4 Nxd4 20. Bxd4
Bxd4 21. Qxd4 Qf6 22. Bxc4 bxc4 23. Qc5 Rab8 24. c3 Qxf4+ 25. Kb1 Qf2 26.
Qa3 Rb5 27. Rc1 Rfb8 28. Rc2 Qb6 29. Rf1 c5 30. Rcf2 Ra5 {White resigns} 0-1

[Event "ICC tourney 2066 (45 10)"]
[Site "Internet Chess Club"]
[Date "2020.10.17"]
[Round "1"]
[White "MeWantCookie"]
[Black "espark"]
[Result "0-1"]
[ICCResult "White resigns"]
[WhiteElo "2007"]
[BlackElo "2319"]
[Opening "Robatsch (modern) defense"]
[ECO "B06"]
[NIC "KF.05"]
[Time "11:06:26"]
[TimeControl "2700+10"]

1. e4 g6 2. d4 Bg7 3. Nf3 d6 4. Bd3 Nf6 5. c3 O-O 6. Bg5 Nc6 7. Qd2 Bg4 8.
h3 Bxf3 9. gxf3 e5 10. Bb5 Qc8 11. Bxc6 bxc6 12. dxe5 dxe5 13. Na3 Rd8 14.
Qe2 h6 15. Be3 Nh5 16. Rd1 Qe6 17. Qc4 Qf6 18. Ke2 Bf8 19. Nc2 a5 20. Rxd8
Rxd8 21. Ne1 Qd6 22. Nd3 Be7 23. Rd1 Bg5 24. b3 Qf6 25. a4 Bxe3 26. Kxe3 Nf4
27. h4 Ng2+ 28. Ke2 Nxh4 29. f4 exf4 30. f3 Ng2 31. Rg1 Ne3 32. Qc5 Qh4 33.
Nxf4 Qh2+ {White resigns} 0-1

[Event "ICC tourney 2066 (45 10)"]
[Site "Internet Chess Club"]
[Date "2020.10.17"]
[Round "1"]
[White "IndianTerritory"]
[Black "mopaska1106"]
[Result "1-0"]
[ICCResult "Black forfeits on time"]
[WhiteElo "2087"]
[BlackElo "1950"]
[Opening "Sicilian: Pelikan, Chelyabinsk variation"]
[ECO "B32"]
[NIC "SI.37"]
[Time "11:06:33"]
[TimeControl "2700+10"]

1. e4 c5 2. Nf3 Nc6 3. d4 cxd4 4. Nxd4 e5 5. Nb5 d6 6. N1c3 Nf6 7. Bg5 a6 8.
Na3 b5 9. Bxf6 gxf6 10. Nd5 Bg7 11. c3 f5 12. exf5 Bxf5 13. Qf3 Be6 14. Nf4
Nd4 15. cxd4 exf4 16. Nc2 Rc8 17. Bd3 Qg5 18. O-O O-O 19. Rfe1 Bg4 20. Qe4
f5 21. Qe6+ Kh8 22. Qd5 Rf6 23. a4 Rh6 24. axb5 Qh4 25. h3 Bxh3 26. gxh3
Qxh3 27. Bxf5 Qh5 28. Ra3 Rg8 29. Kf1 Be5 30. Be4 f3 31. Bxf3 Qh3+ 32. Bg2
{Black forfeits on time}
1-0

[Event "ICC tourney 2066 (45 10)"]
[Site "Internet Chess Club"]
[Date "2020.10.17"]
[Round "1"]
[White "Monkeybomb3605"]
[Black "helavir"]
[Result "0-1"]
[ICCResult "White resigns"]
[WhiteElo "2038"]
[BlackElo "2625"]
[Opening "Caro-Kann defense"]
[ECO "B15"]
[NIC "CK.05"]
[Time "11:06:37"]
[TimeControl "2700+10"]

1. e4 c6 2. d4 d5 3. Nc3 a6 4. exd5 cxd5 5. Bd3 Nc6 6. Nge2 Nb4 7. Bf4 Nf6
8. O-O g6 9. Re1 Bg7 10. Ng3 Nxd3 11. Qxd3 O-O 12. h4 h5 13. Bg5 Re8 14.
Rad1 Bd7 15. Nce2 Nh7 16. Bf4 e6 17. Be5 Qxh4 18. Bxg7 Kxg7 19. Qe3 Rac8 20.
c3 Bb5 21. Nf4 Nf6 22. Qe5 Kg8 23. Nh3 Ng4 24. Qf4 Qf6 25. Qd2 Kg7 26. Nf4
Qh4 27. Nh3 Rh8 28. Qf4 Qf6 29. f3 Qxf4 30. Nxf4 Nh6 31. Kf2 h4 32. Nf1 Bxf1
33. Kxf1 Nf5 34. Kf2 Rc6 35. Rh1 g5 36. Nd3 f6 37. Nc5 a5 38. Rde1 Kf7 39.
Rb1 b6 40. Nd3 Rg8 41. Rbe1 Rcc8 42. a3 Rce8 43. b4 a4 44. Nb2 Ra8 45. Rc1
Rgc8 46. Rhd1 Nd6 47. Ke3 Nb5 {White resigns} 0-1

[Event "ICC tourney 2066 (45 10)"]
[Site "Internet Chess Club"]
[Date "2020.10.17"]
[Round "1"]
[White "chessw23"]
[Black "Chessking2008"]
[Result "0-1"]
[ICCResult "White resigns"]
[WhiteElo "1974"]
[BlackElo "2185"]
[Opening "Sicilian: Alapin's variation (2.c3)"]
[ECO "B22"]
[NIC "SI.47"]
[Time "11:06:29"]
[TimeControl "2700+10"]

1. e4 c5 2. c3 Nf6 3. e5 Nd5 4. d4 cxd4 5. cxd4 d6 6. Nf3 Nc6 7. Bc4 Nb6 8.
Bb5 Bd7 9. exd6 exd6 10. O-O Be7 11. Re1 O-O 12. h3 a6 13. Bf1 Bf5 14. Nc3
Nb4 15. Re2 Rc8 16. d5 Bf6 17. a3 Nd3 18. Rd2 Nxb2 19. Bxb2 Bxc3 20. Bxc3
Rxc3 21. Rb2 Qc7 22. Qd4 Rc5 23. Nh4 Bc8 24. Bd3 Nxd5 25. Bf5 Nf6 26. Bxc8
Rxc8 27. Nf3 Rc4 28. Qd1 d5 29. Rab1 b5 30. Rb3 Ne4 31. Ra1 Qf4 32. g3 Qh6
33. Qxd5 Qxh3 34. Rd1 h6 35. Ne5 Qf5 36. f3 Nc3 37. Rxc3 Rxc3 38. g4 Qf4 39.
Qd4 Qg3+ 40. Kh1 Rc2 {White resigns} 0-1

[Event "ICC tourney 2066 (45 10)"]
[Site "Internet Chess Club"]
[Date "2020.10.17"]
[Round "1"]
[White "RogerZ"]
[Black "Brian6712"]
[Result "0-1"]
[ICCResult "White resigns"]
[WhiteElo "1948"]
[BlackElo "2076"]
[Opening "Sicilian: dragon, Yugoslav attack, 10.O-O-O"]
[ECO "B78"]
[NIC "SI.18"]
[Time "11:06:33"]
[TimeControl "2700+10"]

1. e4 c5 2. Nf3 d6 3. d4 cxd4 4. Nxd4 Nf6 5. Nc3 g6 6. Be3 Bg7 7. f3 O-O 8.
Qd2 Nc6 9. Bc4 Bd7 10. O-O-O Rc8 11. Bb3 Nxd4 12. Bxd4 b5 13. Nd5 Nxd5 14.
Bxg7 Kxg7 15. exd5 Kg8 16. Qh6 a5 17. a3 a4 18. Ba2 Qa5 19. g4 Rc5 20. h4
Rfc8 21. Rd2 Be8 22. h5 f6 23. f4 Qc7 24. Rhh2 Qa7 25. Rh1 Rxc2+ 26. Rxc2
Qe3+ 27. Kb1 Rxc2 28. Kxc2 Qe4+ 29. Kc3 Qxh1 30. Kc2 Qh2+ 31. Kc1 Bf7 32.
Kb1 Qh1+ 33. Kc2 gxh5 34. gxh5 Qa1 35. Bb1 Bxd5 36. f5 Be4+ 37. Kc3 Qxb1 38.
Qe3 Qc2+ 39. Kb4 Qc5+ 40. Qxc5 dxc5+ 41. Kxc5 Bxf5 42. Kxb5 Bc2 43. Kc6 Bb3
44. Kc5 Kf7 45. Kd4 Ke6 46. Ke4 Kd6 47. Kf5 Bc2+ 48. Kf4 e5+ 49. Ke3 f5 50.
Kf3 Bb3 51. Ke3 h6 52. Kf3 Ke6 53. Ke3 Kf6 54. Kf3 Kg5 55. Ke3 Kg4 56. Kf2
f4 {White resigns} 0-1

[Event "ICC tourney 2066 (45 10)"]
[Site "Internet Chess Club"]
[Date "2020.10.17"]
[Round "1"]
[White "IAlwaysWin"]
[Black "kingcaleb"]
[Result "0-1"]
[ICCResult "White forfeits on time"]
[WhiteElo "1953"]
[BlackElo "2143"]
[Opening "Nimzovich-Larsen attack: classical variation"]
[ECO "A01"]
[NIC "VO.08"]
[Time "11:06:26"]
[TimeControl "2700+10"]

1. b3 d5 2. Bb2 Nc6 3. g3 Nf6 4. Bg2 e6 5. e3 Bd6 6. Ne2 h5 7. h3 Qe7 8. d3
Bd7 9. Nd2 e5 10. a3 O-O-O 11. b4 d4 12. e4 Nh7 13. Nc4 Be6 14. b5 Nb8 15.
Nxd6+ Qxd6 16. Qd2 Nf8 17. a4 c5 18. O-O Qd7 19. Kh2 g5 20. c3 h4 21. g4 Ng6
22. cxd4 exd4 23. Rac1 Qd6+ 24. Kh1 Nd7 25. Bxd4 Rhg8 26. Bxc5 Nxc5 27.
Rxc5+ Qxc5 28. Rc1 Qxc1+ 29. Qxc1+ Kb8 30. Qxg5 Rxd3 31. Nf4 Rdd8 32. Nxe6
fxe6 33. a5 e5 34. a6 bxa6 35. bxa6 Rd6 36. Bf1 Rd1 37. Kg1 Rd6 38. Qe3 Rb6
39. Bc4 Rc8 40. Bf1 Nf4 41. Qa3 Ka8 42. Qe7 Rb1 43. Qxe5 Rxf1+ 44. Kh2 Rxf2+
{White forfeits on time}
0-1

[Event "ICC tourney 2066 (45 10)"]
[Site "Internet Chess Club"]
[Date "2020.10.17"]
[Round "1"]
[White "tcao"]
[Black "drberkley"]
[Result "1/2-1/2"]
[ICCResult "Game drawn by repetition"]
[WhiteElo "2054"]
[BlackElo "1924"]
[Opening "Pirc defense"]
[ECO "B07"]
[NIC "PU.08"]
[Time "11:06:27"]
[TimeControl "2700+10"]

1. e4 d6 2. d4 Nf6 3. Bd3 e5 4. d5 Be7 5. c4 O-O 6. h3 a5 7. Nf3 Na6 8. O-O
Nc5 9. Nc3 b6 10. Bc2 Bd7 11. Kh1 h6 12. Be3 Nh7 13. Rg1 Ng5 14. Nxg5 Bxg5
15. Bxc5 bxc5 16. Ba4 f5 17. Bxd7 Qxd7 18. Qe2 f4 19. Qg4 Qxg4 20. hxg4 f3
21. g3 Rae8 22. Nb5 Bd8 23. Kh2 Rf6 24. Rh1 Rg6 25. a4 Rxg4 26. Rhe1 Rf8 27.
Ra3 Rf7 28. Na7 Bg5 29. Rd3 h5 30. Nc6 Bf4 31. gxf4 Rfxf4 32. Kh3 Kf8 33.
Nxa5 g5 34. Nc6 Kg7 35. a5 Rh4+ 36. Kg3 Rhg4+ 37. Kh3 Rh4+ 38. Kg3 Rhg4+ 39.
Kh3 {Game drawn by repetition} 1/2-1/2

[Event "ICC tourney 2066 (45 10)"]
[Site "Internet Chess Club"]
[Date "2020.10.17"]
[Round "1"]
[White "jy2020"]
[Black "checkninja"]
[Result "1-0"]
[ICCResult "Black resigns"]
[WhiteElo "2227"]
[BlackElo "1991"]
[Opening "Sicilian: Najdorf, Opocensky variation"]
[ECO "B92"]
[NIC "SI.10"]
[Time "11:06:21"]
[TimeControl "2700+10"]

1. e4 c5 2. Nf3 d6 3. d4 cxd4 4. Nxd4 Nf6 5. Nc3 a6 6. Be2 e5 7. Nf3 Be7 8.
Bg5 Be6 9. Bxf6 Bxf6 10. O-O O-O 11. Nd5 Be7 12. Bc4 Nc6 13. Bb3 Na5 14. Re1
Rc8 15. c3 Nc4 16. Bxc4 Rxc4 17. Qd3 Rc5 18. b4 Rc6 19. c4 f5 20. exf5 Bxf5
21. Qb3 Kh8 22. Nd4 Rc8 23. Nxf5 Rxf5 24. Re4 Qf8 25. Rae1 Bg5 26. h4 Be7
27. Qg3 Qf7 28. Qg4 Rf8 29. f4 b5 30. Nxe7 Qxe7 31. fxe5 bxc4 32. exd6 Qxd6
33. Rxc4 Qd2 34. Qe2 Qd6 35. Re4 h6 36. Qg4 Qd2 37. R4e2 Qf4 38. Qxf4 Rxf4
39. Re4 Rf2 40. a3 Ra2 41. R1e3 Rf7 42. Re6 Rff2 43. Rg3 Rf6 44. Re7 g6 45.
Rd3 Kg8 46. Rd8+ Rf8 47. Rdd7 Rf6 48. Rg7+ Kf8 49. Rh7 Kg8 50. Rdg7+ Kf8 51.
Ra7 Kg8 52. Rhg7+ Kf8 53. Rgb7 Re2 54. Kh2 Re3 55. a4 Re4 56. Kh3 Kg8 57.
Rb8+ Rf8 58. Rb6 g5 59. Rg6+ Kh8 60. Rxh6+ Kg8 61. Rg6+ Kh8 62. Rxg5 Rxb4
63. Rxa6 Rb3+ 64. Rg3 {Black resigns} 1-0

[Event "ICC tourney 2066 (45 10)"]
[Site "Internet Chess Club"]
[Date "2020.10.17"]
[Round "1"]
[White "GLeschinsky"]
[Black "GeorgeDai"]
[Result "0-1"]
[ICCResult "White resigns"]
[WhiteElo "2025"]
[BlackElo "2088"]
[Opening "Nimzo-Indian: Kmoch variation"]
[ECO "E20"]
[NIC "NI.30"]
[Time "11:06:36"]
[TimeControl "2700+10"]

1. d4 Nf6 2. c4 e6 3. Nc3 Bb4 4. f3 d6 5. e4 O-O 6. Ne2 e5 7. a3 Bxc3+ 8.
Nxc3 Nc6 9. d5 Ne7 10. Be3 Nd7 11. Bd3 f5 12. O-O f4 13. Bf2 g5 14. Kh1 h5
15. b4 b6 16. Rc1 Ng6 17. Na4 Nf6 18. c5 Ne8 19. Nc3 g4 20. cxd6 cxd6 21.
Qc2 Qg5 22. Nb5 g3 23. Bg1 Nh4 24. Rfd1 Kh8 25. Bf1 Rg8 26. Qc6 Bh3 27. Rc2
Rc8 28. Qxc8 Bxc8 29. Rxc8 Nxf3 30. Rxe8 Rxe8 31. Nxd6 gxh2 32. Bf2 Qg4 33.
Nxe8 Ng5 34. Re1 f3 35. d6 Nxe4 36. Rxe4 Qxe4 37. d7 Qd5 38. Bg3 Qd1 39.
gxf3 Qxf1+ 40. Kxh2 Qd1 41. Bxe5+ Kh7 42. Bc7 Qd2+ 43. Kg3 Qg5+ 44. Kh3 Qf5+
45. Kh4 Qxf3 46. Kg5 Qg4+ 47. Kf6 Qxd7 {White resigns} 0-1

[Event "ICC tourney 2066 (45 10)"]
[Site "Internet Chess Club"]
[Date "2020.10.17"]
[Round "2"]
[White "Brian6712"]
[Black "funplaychess"]
[Result "1/2-1/2"]
[ICCResult "Game drawn by mutual agreement"]
[WhiteElo "2074"]
[BlackElo "2327"]
[Opening "Sicilian: Najdorf, 6.Bg5"]
[ECO "B94"]
[NIC "SI.04"]
[Time "13:32:08"]
[TimeControl "2700+10"]

1. e4 c5 2. Nf3 d6 3. d4 cxd4 4. Nxd4 Nf6 5. Nc3 a6 6. Bg5 Nbd7 7. Be2 Qb6
8. Nb3 g6 9. O-O Bg7 10. Qd2 O-O 11. Bh6 Qc7 12. Bxg7 Kxg7 13. Nd5 Nxd5 14.
exd5 e5 15. dxe6 fxe6 16. c4 Ne5 17. Rad1 Nf7 18. c5 dxc5 19. Qc3+ Qe5 20.
Qxe5+ Nxe5 21. Nxc5 b6 22. f4 bxc5 23. fxe5 Rxf1+ 24. Bxf1 Ra7 25. Rd6 Rc7
26. Bxa6 Bxa6 27. Rxa6 c4 28. Rxe6 Rb7 29. Rc6 Rxb2 30. Rxc4 Rxa2 31. Re4
Kf7 32. Rh4 h5 33. Rf4+ Ke6 34. Rf6+ Kxe5 35. Rxg6 Kf5 36. Rb6 Ra1+ 37. Kf2
Ra2+ {Game drawn by mutual agreement} 1/2-1/2

[Event "ICC tourney 2066 (45 10)"]
[Site "Internet Chess Club"]
[Date "2020.10.17"]
[Round "2"]
[White "Chessking2008"]
[Black "GGuseinov"]
[Result "1/2-1/2"]
[ICCResult "Game drawn by mutual agreement"]
[WhiteElo "2192"]
[BlackElo "2700"]
[Opening "King's Indian: Sämisch, 5...O-O"]
[ECO "E83"]
[NIC "KI.47"]
[Time "13:32:00"]
[TimeControl "2700+10"]

1. d4 Nf6 2. c4 g6 3. Nc3 Bg7 4. e4 d6 5. f3 O-O 6. Be3 a6 7. Qd2 Nc6 8.
Nge2 Bd7 9. Bh6 b5 10. h4 bxc4 11. h5 Nb4 12. Ng3 Bxh6 13. Qxh6 Nc2+ 14. Kd2
Nxa1 15. hxg6 fxg6 16. Nd5 e6 17. Nxf6+ Rxf6 18. Qxh7+ Kf8 19. Qh8+ Ke7 20.
Rh7+ Rf7 21. Rxf7+ Kxf7 22. Qh7+ {Game drawn by mutual agreement} 1/2-1/2

[Event "ICC tourney 2066 (45 10)"]
[Site "Internet Chess Club"]
[Date "2020.10.17"]
[Round "2"]
[White "AJM04"]
[Black "MeWantCookie"]
[Result "1-0"]
[ICCResult "Black resigns"]
[WhiteElo "2084"]
[BlackElo "2007"]
[Opening "Sicilian: closed"]
[ECO "B24"]
[NIC "SI.44"]
[Time "13:31:50"]
[TimeControl "2700+10"]

1. e4 c5 2. Nc3 Nc6 3. g3 g6 4. Bg2 Bg7 5. d3 e6 6. Be3 Nd4 7. Nge2 Ne7 8.
Qd2 Nec6 9. Nd1 d5 10. c3 Nxe2 11. Qxe2 d4 12. Bd2 O-O 13. c4 e5 14. O-O f5
15. f4 Qd6 16. Nf2 Be6 17. exf5 gxf5 18. fxe5 Qxe5 19. Qxe5 Nxe5 20. Rfe1
Bf7 21. b4 b6 22. bxc5 bxc5 23. Bxa8 Rxa8 24. Kg2 Bh5 25. Bf4 Bf3+ 26. Kf1
Ng6 27. Bd6 Bf8 28. Bxf8 Rxf8 29. Kg1 f4 30. Ne4 Bg4 31. Nxc5 f3 32. Kf2 Rc8
33. Ne4 Kf7 34. Nd6+ {Black resigns} 1-0

[Event "ICC tourney 2066 (45 10)"]
[Site "Internet Chess Club"]
[Date "2020.10.17"]
[Round "2"]
[White "marble"]
[Black "IndianTerritory"]
[Result "1-0"]
[ICCResult "Black resigns"]
[WhiteElo "2519"]
[BlackElo "2075"]
[Opening "Caro-Kann: advance variation"]
[ECO "B12"]
[NIC "CK.04"]
[Time "13:31:27"]
[TimeControl "2700+10"]

1. e4 c6 2. d4 d5 3. e5 Bf5 4. h4 h5 5. c4 e6 6. Nc3 Nd7 7. cxd5 cxd5 8. Bg5
Be7 9. Nf3 a6 10. Be2 b5 11. O-O Nb6 12. a4 b4 13. Na2 Nc4 14. Nxb4 Qb6 15.
Nd3 Nxb2 16. Nxb2 Qxb2 17. a5 f6 18. Bf4 Kf7 19. exf6 gxf6 20. Bd3 Bg4 21.
Qb1 Qxb1 22. Rfxb1 Bd8 23. Rb7+ Ne7 24. Nh2 e5 25. dxe5 Bc8 26. Rb3 Nc6 27.
exf6 Nxa5 28. Rc3 Nc4 29. Bxc4 dxc4 30. Rxc4 Be6 31. Rc6 Bxf6 32. Raxa6 Rxa6
33. Rxa6 Bxh4 34. Nf3 Bf6 35. Be5 Rh6 36. Bxf6 Rxf6 37. Ng5+ Ke7 38. Rxe6+
Rxe6 39. Nxe6 Kxe6 40. Kh2 Kf5 41. Kh3 Kg5 42. g3 Kh6 43. Kh4 Kg6 44. f4 Kh6
45. f5 Kh7 46. Kxh5 Kg7 47. g4 Kf6 48. Kh6 Kf7 49. g5 Kg8 50. g6 Kh8 51. f6
Kg8 52. f7+ Kf8 53. Kh7 {Black resigns} 1-0

[Event "ICC tourney 2066 (45 10)"]
[Site "Internet Chess Club"]
[Date "2020.10.17"]
[Round "2"]
[White "mopaska1106"]
[Black "guineapig25"]
[Result "0-1"]
[ICCResult "White resigns"]
[WhiteElo "1948"]
[BlackElo "2034"]
[Opening "King's Indian: fianchetto, Simagin variation"]
[ECO "E62"]
[NIC "KI.72"]
[Time "13:31:43"]
[TimeControl "2700+10"]

1. d4 Nf6 2. c4 g6 3. Nc3 Bg7 4. Nf3 O-O 5. g3 d6 6. Bg2 Nc6 7. O-O Bg4 8.
h3 Bxf3 9. Bxf3 Nd7 10. Be3 e5 11. Bxc6 bxc6 12. Qd2 f5 13. Rfd1 Qf6 14. c5
exd4 15. Bxd4 Qxd4 16. Qxd4 Bxd4 17. Rxd4 Nxc5 18. Rc1 Rab8 19. Na4 Nxa4 20.
Rxa4 Rxb2 21. e3 Rb7 22. Rxc6 Kg7 23. Rac4 Rf7 24. Ra4 Rd7 25. h4 Kf7 26.
Kg2 Rb6 27. Rc3 c5 28. Kf3 Ke6 29. e4 fxe4+ 30. Rxe4+ Kd5 31. Re8 Rf7+ 32.
Ke3 Rbb7 {White resigns} 0-1

[Event "ICC tourney 2066 (45 10)"]
[Site "Internet Chess Club"]
[Date "2020.10.17"]
[Round "2"]
[White "kingcaleb"]
[Black "TjkTiger"]
[Result "0-1"]
[ICCResult "White resigns"]
[WhiteElo "2132"]
[BlackElo "2602"]
[Opening "Sicilian: Hungarian variation"]
[ECO "B27"]
[NIC "SI.43"]
[Time "13:32:21"]
[TimeControl "2700+10"]

1. e4 c5 2. Nf3 g6 3. c3 d5 4. exd5 Qxd5 5. d4 Bg7 6. Na3 cxd4 7. Nb5 Na6 8.
cxd4 Nf6 9. Nc3 Qd6 10. Be2 O-O 11. O-O Bf5 12. Ne5 Nb4 13. Bf4 Nbd5 14. Bg3
Qb4 15. Qd2 Ne4 16. Nxe4 Bxe4 17. Qxb4 Nxb4 18. Rac1 Rac8 19. Bg4 e6 20. Nd7
Rfd8 21. Nc5 Bd5 22. Rfd1 b6 23. Nd3 Nxd3 24. Rxc8 Rxc8 25. Rxd3 f5 26. Bd1
Rc1 27. Bf4 Rb1 28. b3 Be4 29. Rd2 Bc2 30. f3 Rxd1+ 31. Rxd1 Bxd1 32. Kf2
Bc2 33. Ke3 Bb1 34. Kd2 Bxd4 {White resigns} 0-1

[Event "ICC tourney 2066 (45 10)"]
[Site "Internet Chess Club"]
[Date "2020.10.17"]
[Round "2"]
[White "annameiyappan"]
[Black "IAlwaysWin"]
[Result "1/2-1/2"]
[ICCResult "Game drawn by repetition"]
[WhiteElo "2011"]
[BlackElo "1964"]
[Opening "Caro-Kann: anti-Caro-Kann defense"]
[ECO "B10"]
[NIC "CK.01"]
[Time "13:31:58"]
[TimeControl "2700+10"]

1. e4 c6 2. c4 e6 3. d4 d5 4. cxd5 cxd5 5. exd5 exd5 6. Nf3 Nc6 7. Be2 g6 8.
O-O Bg7 9. Re1 Nge7 10. Nc3 O-O 11. Bb5 Bg4 12. Bxc6 Nxc6 13. Be3 Qa5 14.
Rc1 Rad8 15. Qd2 Bxf3 16. gxf3 Rfe8 17. Kh1 Qb4 18. Red1 Qd6 19. Nb5 Qf6 20.
Kg2 Qf5 21. Bg5 Rd7 22. Re1 Re6 23. Bf4 h5 24. Rxe6 fxe6 25. Qe3 Rf7 26. Bg3
Bf8 27. Re1 a6 28. Nd6 Bxd6 29. Bxd6 Nd8 30. Rc1 Nc6 31. f4 Kh7 32. Kh1 Rd7
33. Be5 Rf7 34. Kg2 Qg4+ 35. Kh1 Qf5 36. Kg2 Qg4+ 37. Kh1 Qf5 38. Kg2 Qg4+
39. Kh1 Qf5 {Game drawn by repetition} 1/2-1/2

[Event "ICC tourney 2066 (45 10)"]
[Site "Internet Chess Club"]
[Date "2020.10.17"]
[Round "2"]
[White "GeorgeDai"]
[Black "tcao"]
[Result "1-0"]
[ICCResult "Black forfeits on time"]
[WhiteElo "2090"]
[BlackElo "2057"]
[Opening "QGD: exchange, positional line"]
[ECO "D35"]
[NIC "QO.16"]
[Time "13:32:07"]
[TimeControl "2700+10"]

1. d4 e6 2. c4 d5 3. Nc3 Nf6 4. cxd5 exd5 5. Bg5 Be6 6. e3 h6 7. Bh4 c6 8.
Bd3 Be7 9. Nge2 O-O 10. f3 Nbd7 11. O-O Nb6 12. b3 Rc8 13. Rc1 Re8 14. Bf2
a6 15. h3 c5 16. e4 dxe4 17. Nxe4 cxd4 18. Nxd4 Rxc1 19. Qxc1 Nxe4 20. Bxe4
Bd5 21. Bb1 Bh4 22. g3 Bf6 23. Qc2 g6 24. h4 h5 25. Qd2 Bg7 26. Rd1 Qc7 27.
Kg2 Rd8 28. Qg5 Qd6 29. Bc2 Bf6 30. Qd2 Nd7 31. Nf5 gxf5 32. Qxd5 Qxd5 33.
Rxd5 {Black forfeits on time} 1-0

[Event "ICC tourney 2066 (45 10)"]
[Site "Internet Chess Club"]
[Date "2020.10.17"]
[Round "2"]
[White "helavir"]
[Black "jy2020"]
[Result "1/2-1/2"]
[ICCResult "Game drawn by repetition"]
[WhiteElo "2611"]
[BlackElo "2235"]
[Opening "Sicilian: Prins (Moscow) variation"]
[ECO "B55"]
[NIC "SI.01"]
[Time "13:31:33"]
[TimeControl "2700+10"]

1. e4 c5 2. Nf3 d6 3. d4 cxd4 4. Nxd4 Nf6 5. f3 e5 6. Nb3 d5 7. Bg5 Be6 8.
Bxf6 gxf6 9. exd5 Qxd5 10. Qxd5 Bxd5 11. Nc3 Be6 12. O-O-O Nc6 13. Ne4 Ke7
14. Bb5 Bh6+ 15. Kb1 Rad8 16. Nec5 Bxb3 17. Nxb3 Nd4 18. Nxd4 Rxd4 19. Rxd4
exd4 20. Re1+ Kd8 21. Rd1 Be3 22. c3 Kc7 23. cxd4 Rd8 24. d5 a6 25. Ba4 b5
26. Bc2 h6 27. Be4 Kd6 28. Rd3 Bc5 29. Kc2 Ke5 30. g4 h5 31. h3 hxg4 32.
hxg4 Rh8 33. Rd2 Kd6 34. a3 a5 35. Bd3 Rh3 36. Be4 Bg1 37. Kb3 Rh2 38. Rxh2
Bxh2 39. Bd3 Kc5 40. Kc3 Be5+ 41. Kc2 b4 42. Kb3 bxa3 43. bxa3 Kxd5 44. Bc4+
Kd4 45. Bxf7 Ke3 46. Bd5 Kf4 47. Be4 Bd4 48. Kc4 Be5 49. a4 Ba1 50. Kb5 Bc3
51. Kc6 Bb4 52. Kd5 Bc3 53. Ke6 Be5 54. Kd5 Bc3 55. Kc4 Bb4 56. Kd5 Bc3 57.
Kc4 Bb4 58. Kd4 Bd6 59. Kc4 Bb4 60. Kd5 Bc3 61. Kc4 Bb4 62. Kd5
{Game drawn by repetition}
1/2-1/2

[Event "ICC tourney 2066 (45 10)"]
[Site "Internet Chess Club"]
[Date "2020.10.17"]
[Round "2"]
[White "checkninja"]
[Black "Monkeybomb3605"]
[Result "1/2-1/2"]
[ICCResult "Game drawn by mutual agreement"]
[WhiteElo "2006"]
[BlackElo "2038"]
[Opening "Sicilian, Chekhover variation"]
[ECO "B53"]
[NIC "SI.02"]
[Time "13:31:27"]
[TimeControl "2700+10"]

1. e4 c5 2. Nf3 d6 3. d4 cxd4 4. Qxd4 a6 5. Be2 Nc6 6. Qe3 Nf6 7. O-O e6 8.
c4 Qc7 9. Nc3 Be7 10. Rb1 O-O 11. Rd1 Rd8 12. a3 b6 13. b4 Bb7 14. Bb2 Rac8
15. Rbc1 Ng4 16. Qf4 Nge5 17. Na4 Bf6 18. Qe3 Nxf3+ 19. Qxf3 Bxb2 20. Nxb2
Ne5 21. Qe3 Qc6 22. f4 Ng6 23. Bd3 Ne7 24. Bc2 Ba8 25. Re1 Qb7 26. Qf2 b5
27. Bd3 Nc6 28. Red1 bxc4 29. Nxc4 Rb8 30. Nb2 Rbc8 31. Na4 Rb8 32. Nb2 Rbc8
{Game drawn by mutual agreement}
1/2-1/2